TOP OF THE 1ST |
Barry's Bay Orioles batting - Pitching for Lee's Summit Tigers : RHP António Cruz
|
Pitching: RHP António Cruz
|
|
Batting: LHB Ryan Rheaume
|
0-0: Ball 1-0: Ball 2-0: Ball 3-0: Called Strike 3-1: Base on Balls
|
Batting: RHB Jason Ward
|
0-0: Ball 1-0: Ball 2-0: Called Strike 2-1: Foul Ball, location: 2F 2-2: Hit by Pitch Ryan Rheaume to second
|
Batting: SHB Garrett Waller
|
0-0: Called Strike 0-1: Ball 1-1: Ball 2-1: Fly out, F9 (Line Drive, 9)
|
Batting: LHB Joe Vásquez
|
0-0: Foul Ball, location: 2F 0-1: Foul Ball, location: 2F 0-2: Foul Ball, location: 2F 0-2: Strikes out looking
|
Batting: LHB T.J. Richardson
|
0-0: Ball 1-0: Called Strike 1-1: Ball 2-1: Foul Ball, location: 2F 2-2: Strikes out looking
|
Top of the 1st over - 0 run(s), 0 hit(s), 0 error(s), 2 left on base; Barry's Bay 0 - Lee's Summit 0 |
BOTTOM OF THE 1ST |
Lee's Summit Tigers batting - Pitching for Barry's Bay Orioles : RHP Manny Guerra
|
Pitching: RHP Manny Guerra
|
|
Batting: RHB Stan Taylor
|
0-0: SINGLE (Groundball, 34D)
|
Batting: RHB Ricardo Velásquez
|
0-0: Ball 1-0: Fielders Choice at 2nd, 4-6 (Groundball, 4)
|
Batting: RHB Héctor Cruz
|
0-0: Called Strike 0-1: Swinging Strike 0-2: Ball 1-2: Ball 2-2: Strikes out looking
|
Batting: LHB Al Miller
|
0-0: Called Strike 0-1: Ball 1-1: Ball 2-1: DOUBLE (Flyball, 7D) Ricardo Velásquez to third
|
Batting: LHB Glenn Williamson
|
0-0: Called Strike 0-1: Ball 1-1: Ball 2-1: Ball 3-1: SINGLE (Groundball, 56D) Ricardo Velásquez scores Al Miller to third Runner from 3rd tries for Home, SAFE, no throw
|
Batting: RHB Valentín Saldaña
|
0-0: Called Strike 0-1: Called Strike 0-2: Foul Ball, location: 2F 0-2: Strikes out swinging
|
Bottom of the 1st over - 2 run(s), 3 hit(s), 0 error(s), 1 left on base; Barry's Bay 0 - Lee's Summit 2 |
TOP OF THE 2ND |
Barry's Bay Orioles batting - Pitching for Lee's Summit Tigers : RHP António Cruz
|
Batting: RHB Troy González
|
0-0: Called Strike 0-1: Swinging Strike 0-2: Strikes out swinging
|
Batting: RHB Octávio Aldeguer
|
0-0: Ball 1-0: Ball 2-0: SINGLE (Line Drive, 78S)
|
Batting: RHB Bill Pike
|
0-0: Called Strike 0-1: Ball 1-1: Ball 2-1: Swinging Strike 2-2: Strikes out swinging
|
Batting: RHB Jim MacAchounich
|
0-0: Ball 1-0: Swinging Strike 1-1: Swinging Strike 1-2: Strikes out swinging
|
Top of the 2nd over - 0 run(s), 1 hit(s), 0 error(s), 1 left on base; Barry's Bay 0 - Lee's Summit 2 |
BOTTOM OF THE 2ND |
Lee's Summit Tigers batting - Pitching for Barry's Bay Orioles : RHP Manny Guerra
|
Batting: SHB Jeff Hernández
|
0-0: Called Strike 0-1: Foul Ball, location: 2F 0-2: Fly out, F9 (Flyball, 9)
|
Batting: LHB José Guerrero
|
0-0: Foul Ball, location: 2F 0-1: Swinging Strike 0-2: Foul Ball, location: 2F 0-2: Ball 1-2: Strikes out looking
|
Batting: LHB Tristan Sims
|
0-0: Foul Ball, location: 2F 0-1: SINGLE (Line Drive, 4D)
|
Batting: RHB Stan Taylor
|
0-0: Ball 1-0: Swinging Strike 1-1: SINGLE (Line Drive, 8RS) Tristan Sims to second Runner from 2nd tries for 3rd, SAFE, throw made to third
|
Batting: RHB Ricardo Velásquez
|
0-0: Ball 1-0: Ball 2-0: SINGLE (Line Drive, 8LS) Tristan Sims scores Stan Taylor to second Throwing error, E8 Stan Taylor scores Ricardo Velásquez to second
|
Batting: RHB Héctor Cruz
|
0-0: Foul Ball, location: 2F 0-1: Foul Ball, location: 2F 0-2: Strikes out swinging
|
Bottom of the 2nd over - 2 run(s), 3 hit(s), 1 error(s), 1 left on base; Barry's Bay 0 - Lee's Summit 4 |
TOP OF THE 3RD |
Barry's Bay Orioles batting - Pitching for Lee's Summit Tigers : RHP António Cruz
|
Batting: LHB Ryan Rheaume
|
0-0: Ball 1-0: Called Strike 1-1: Ball 2-1: Called Strike 2-2: Ball 3-2: Foul Ball, location: 2F 3-2: Base on Balls
|
Batting: RHB Jason Ward
|
0-0: Called Strike 0-1: Ball 1-1: Called Strike 1-2: Foul Ball, location: 2F 1-2: Strikes out swinging
|
Batting: SHB Garrett Waller
|
0-0: Ball 1-0: Called Strike Ryan Rheaume is caught stealing 2nd base 1-1: Swinging Strike 1-2: Foul Ball, location: 2F 1-2: Ball 2-2: Fly out, F6 (Line Drive, 6M)
|
Top of the 3rd over - 0 run(s), 0 hit(s), 0 error(s), 0 left on base; Barry's Bay 0 - Lee's Summit 4 |
BOTTOM OF THE 3RD |
Lee's Summit Tigers batting - Pitching for Barry's Bay Orioles : RHP Manny Guerra
|
Batting: LHB Al Miller
|
0-0: Called Strike 0-1: Ball 1-1: Foul Ball, location: 2F 1-2: Strikes out looking
|
Batting: LHB Glenn Williamson
|
0-0: Ball 1-0: Called Strike 1-1: Foul Ball, location: 2F 1-2: Ball 2-2: SINGLE (Line Drive, 89S)
|
Batting: RHB Valentín Saldaña
|
0-0: Foul Ball, location: 2F 0-1: Fly out, F5 (Line Drive, 56)
|
Batting: SHB Jeff Hernández
|
0-0: Called Strike 0-1: Foul Ball, location: 2F 0-2: Foul Ball, location: 2F 0-2: Strikes out swinging
|
Bottom of the 3rd over - 0 run(s), 1 hit(s), 0 error(s), 1 left on base; Barry's Bay 0 - Lee's Summit 4 |
TOP OF THE 4TH |
Barry's Bay Orioles batting - Pitching for Lee's Summit Tigers : RHP António Cruz
|
Batting: LHB Joe Vásquez
|
0-0: Called Strike 0-1: Ball 1-1: Foul Ball, location: 2F 1-2: Strikes out swinging
|
Batting: LHB T.J. Richardson
|
0-0: Called Strike 0-1: Ball 1-1: Ball 2-1: Fly out, F8 (Flyball, 8LD)
|
Batting: RHB Troy González
|
0-0: Ball 1-0: Ground out 6-3 (Groundball, 6)
|
Top of the 4th over - 0 run(s), 0 hit(s), 0 error(s), 0 left on base; Barry's Bay 0 - Lee's Summit 4 |
BOTTOM OF THE 4TH |
Lee's Summit Tigers batting - Pitching for Barry's Bay Orioles : RHP Manny Guerra
|
Batting: LHB José Guerrero
|
0-0: Fly out, F6 (Line Drive, 6D)
|
Batting: LHB Tristan Sims
|
0-0: Foul Ball, location: 2F 0-1: Foul Ball, location: 2F 0-2: Ball 1-2: Foul Ball, location: 2F 1-2: Ball 2-2: Ball 3-2: Strikes out swinging
|
Batting: RHB Stan Taylor
|
0-0: Called Strike 0-1: Swinging Strike 0-2: Fly out, F6 (Line Drive, 6)
|
Bottom of the 4th over - 0 run(s), 0 hit(s), 0 error(s), 0 left on base; Barry's Bay 0 - Lee's Summit 4 |
TOP OF THE 5TH |
Barry's Bay Orioles batting - Pitching for Lee's Summit Tigers : RHP António Cruz
|
Batting: RHB Octávio Aldeguer
|
0-0: Ball 1-0: Foul Ball, location: 2F 1-1: Called Strike 1-2: SINGLE (Groundball, 4MD)
|
Batting: RHB Bill Pike
|
0-0: Ball 1-0: Ball 2-0: Called Strike 2-1: Ball 3-1: Foul Ball, location: 2F 3-2: Foul Ball, location: 2F 3-2: Base on Balls Octávio Aldeguer to second
|
Batting: RHB Jim MacAchounich
|
0-0: SINGLE (Line Drive, 9LS) Octávio Aldeguer to third Bill Pike to second
|
Batting: LHB Ryan Rheaume
|
0-0: Grounds into double play, 4-6-3 (Groundball, 4) Octávio Aldeguer scores Bill Pike to third
|
Batting: RHB Jason Ward
|
0-0: Foul Ball, location: 2F 0-1: Called Strike 0-2: Strikes out looking
|
Top of the 5th over - 1 run(s), 2 hit(s), 0 error(s), 1 left on base; Barry's Bay 1 - Lee's Summit 4 |
BOTTOM OF THE 5TH |
Lee's Summit Tigers batting - Pitching for Barry's Bay Orioles : RHP Manny Guerra
|
Batting: RHB Ricardo Velásquez
|
0-0: Foul Ball, location: 2F 0-1: Ball 1-1: Foul Ball, location: 2F 1-2: Ball 2-2: SINGLE (Groundball, 6MD)
|
Batting: RHB Héctor Cruz
|
0-0: Called Strike 0-1: Called Strike 0-2: Foul Ball, location: 2F 0-2: Ball 1-2: Ball 2-2: Grounds into double play, 4-6-3 (Groundball, 4)
|
Batting: LHB Al Miller
|
0-0: Ball 1-0: Ball 2-0: Called Strike 2-1: Foul Ball, location: 2F 2-2: Foul Ball, location: 2F 2-2: Fly out, F9 (Flyball, 9LMF)
|
Bottom of the 5th over - 0 run(s), 1 hit(s), 0 error(s), 0 left on base; Barry's Bay 1 - Lee's Summit 4 |
TOP OF THE 6TH |
Barry's Bay Orioles batting - Pitching for Lee's Summit Tigers : RHP António Cruz
|
Batting: SHB Garrett Waller
|
0-0: Swinging Strike 0-1: Called Strike 0-2: Strikes out swinging
|
Pitching: LHP Dave McCoy
|
|
Batting: LHB Joe Vásquez
|
0-0: Swinging Strike 0-1: Foul Ball, location: 2F 0-2: Ball 1-2: Ball 2-2: Ball 3-2: Strikes out swinging
|
Batting: LHB T.J. Richardson
|
0-0: Swinging Strike 0-1: Called Strike 0-2: Ball 1-2: Strikes out swinging
|
Top of the 6th over - 0 run(s), 0 hit(s), 0 error(s), 0 left on base; Barry's Bay 1 - Lee's Summit 4 |
BOTTOM OF THE 6TH |
Lee's Summit Tigers batting - Pitching for Barry's Bay Orioles : RHP Manny Guerra
|
Batting: LHB Glenn Williamson
|
0-0: Ball 1-0: Ball 2-0: Ground out 4-3 (Groundball, 4)
|
Pitching: RHP Rosendo Alonso
|
|
Batting: RHB Valentín Saldaña
|
0-0: Called Strike 0-1: Swinging Strike 0-2: Ball 1-2: Strikes out looking
|
Batting: SHB Jeff Hernández
|
0-0: Foul Ball, location: 2F 0-1: Ball 1-1: Fly out, F7 (Flyball, 78M)
|
Bottom of the 6th over - 0 run(s), 0 hit(s), 0 error(s), 0 left on base; Barry's Bay 1 - Lee's Summit 4 |
TOP OF THE 7TH |
Barry's Bay Orioles batting - Pitching for Lee's Summit Tigers : LHP Dave McCoy
|
Batting: RHB Troy González
|
0-0: Called Strike 0-1: Swinging Strike 0-2: Ball 1-2: Strikes out looking
|
Batting: RHB Octávio Aldeguer
|
0-0: Called Strike 0-1: Foul Ball, location: 2F 0-2: SINGLE (Groundball, 34D)
|
Batting: RHB Bill Pike
|
0-0: Called Strike 0-1: Ball 1-1: Ball 2-1: Foul Ball, location: 2F 2-2: Fielders Choice at 2nd, 6-4 (Groundball, 6)
|
Batting: RHB Jim MacAchounich
|
0-0: Ball 1-0: Ball 2-0: Ball 3-0: Called Strike 3-1: Base on Balls Bill Pike to second
|
Batting: LHB Ryan Rheaume
|
0-0: Called Strike 0-1: Foul Ball, location: 2F 0-2: Foul Ball, location: 2F 0-2: Ball 1-2: Foul Ball, location: 2F 1-2: Strikes out swinging
|
Top of the 7th over - 0 run(s), 1 hit(s), 0 error(s), 2 left on base; Barry's Bay 1 - Lee's Summit 4 |
BOTTOM OF THE 7TH |
Lee's Summit Tigers batting - Pitching for Barry's Bay Orioles : RHP Rosendo Alonso
|
Batting: LHB José Guerrero
|
0-0: Ball 1-0: Ball 2-0: Foul Ball, location: 2F 2-1: Foul Ball, location: 2F 2-2: Strikes out swinging
|
Batting: LHB Tristan Sims
|
0-0: Called Strike 0-1: Foul Ball, location: 2F 0-2: Foul Ball, location: 2F 0-2: Foul Ball, location: 2F 0-2: Ball 1-2: Strikes out swinging
|
Batting: RHB Stan Taylor
|
0-0: Foul Ball, location: 2F 0-1: Ball 1-1: Swinging Strike 1-2: Ball 2-2: Foul Ball, location: 2F 2-2: Ball 3-2: Foul Ball, location: 2F 3-2: Strikes out swinging
|
Bottom of the 7th over - 0 run(s), 0 hit(s), 0 error(s), 0 left on base; Barry's Bay 1 - Lee's Summit 4 |
TOP OF THE 8TH |
Barry's Bay Orioles batting - Pitching for Lee's Summit Tigers : LHP Dave McCoy
|
Batting: RHB Jason Ward
|
0-0: Ball 1-0: Ball 2-0: Foul Ball, location: 2F 2-1: Ball 3-1: Base on Balls
|
Batting: SHB Garrett Waller
|
0-0: Ball 1-0: Ground out 3-1 (Groundball, 34) Jason Ward to second
|
Batting: LHB Joe Vásquez
|
0-0: Fly out, F4 (Line Drive, 4M)
|
Batting: LHB T.J. Richardson
|
0-0: Called Strike 0-1: Fly out, F9 (Line Drive, 9)
|
Top of the 8th over - 0 run(s), 0 hit(s), 0 error(s), 1 left on base; Barry's Bay 1 - Lee's Summit 4 |
BOTTOM OF THE 8TH |
Lee's Summit Tigers batting - Pitching for Barry's Bay Orioles : RHP Rosendo Alonso
|
Batting: RHB Ricardo Velásquez
|
0-0: Ball 1-0: Swinging Strike 1-1: Ball 2-1: Ball 3-1: Base on Balls
|
Batting: RHB Héctor Cruz
|
0-0: Ground out 6-3 (Groundball, 6S) Ricardo Velásquez to second
|
Batting: LHB Al Miller
|
0-0: Intentional Walk
|
Pitching: LHP Bernardo Valero
|
|
Batting: LHB Glenn Williamson
|
0-0: Called Strike 0-1: Foul Ball, location: 2F 0-2: Fly out, F4 (Line Drive, 34)
|
Pitching: RHP Félix González
|
|
Batting: RHB Valentín Saldaña
|
0-0: Ball 1-0: Called Strike 1-1: Swinging Strike 1-2: Strikes out swinging
|
Bottom of the 8th over - 0 run(s), 0 hit(s), 0 error(s), 2 left on base; Barry's Bay 1 - Lee's Summit 4 |
TOP OF THE 9TH |
Barry's Bay Orioles batting - Pitching for Lee's Summit Tigers : LHP Dave McCoy
|
Pitching: RHP Pedro Rivera
|
|
Batting: RHB Troy González
|
0-0: Swinging Strike 0-1: Ball 1-1: Foul Ball, location: 2F 1-2: Foul Ball, location: 2F 1-2: Foul Ball, location: 2F 1-2: Strikes out swinging
|
Batting: RHB Octávio Aldeguer
|
0-0: Swinging Strike 0-1: Foul Ball, location: 2F 0-2: Ball 1-2: Strikes out swinging
|
Batting: RHB Bill Pike
|
0-0: Ball 1-0: Called Strike 1-1: Foul Ball, location: 2F 1-2: Strikes out looking
|
Top of the 9th over - 0 run(s), 0 hit(s), 0 error(s), 0 left on base; Barry's Bay 1 - Lee's Summit 4 |
|